Map: Lost and Found LE

Players

JadedShard

  • Race: Zerg Zerg
  • Spawn Location: 1:00

Dolan - Winner!

  • Race: Terran Terran
  • Spawn Location: 7:00

Event: WCS Montreal 2018

VOD

Have the link to the VOD?

Description

Time

  • Played on: Sept. 7, 2018, 12:43 p.m.
  • Length: 10:06

All games in this series

Show
View Real Time Build Order
Export as new Build Order

JadedShard Zerg 

Build Orders: Hatch First 

Get SALT Encoding   

  12  0:00  Drone  
  13  0:12  Overlord  
  13  0:16  Drone  
  14  0:30  Drone x2  
  14  0:35  Drone  
  17  0:52  Hatchery  
  17  0:55  Drone  
  17  0:58  Drone  
  18  1:09  Extractor  
  17  1:13  Spawning Pool  
  16  1:20  Drone x2  
  18  1:28  Drone  
  19  1:41  Overlord  
  19  1:50  Drone  
  20  1:59  Queen  
  22  2:03  Queen  
  22  2:04  Zergling x4  
  26  2:11  Metabolic Boost  
  26  2:16  Drone x2  
  28  2:25  Drone x2  
  30  2:32  Extractor  
  29  2:39  Drone x2  
  29  2:40  Queen  
  29  2:41  Queen  
  35  2:46  Overlord  
  35  2:49  Extractor  
  36  3:01  Hatchery  
  35  3:07  Drone x2  
  35  3:08  Drone  
  38  3:15  Extractor  
  38  3:19  Spore Crawler  
  38  3:29  Drone x4  
  38  3:30  Zergling x4, Overlord x2  
  44  3:42  Overlord  
  44  3:44  Overlord  
  44  4:00  Zergling x8  
  44  4:01  Zergling x2  
  47  4:10  Queen  
  47  4:16  Zergling x4  
  51  4:19  Drone x2  
  51  4:20  Lair  
  53  4:32  Extractor x2  
  51  4:39  Queen  
  51  4:40  Drone x4  
  51  4:41  Zergling x8  
  51  4:42  Zergling x4  
  63  4:46  Queen  
  65  4:55  Spore Crawler  
  65  4:58  Drone x4  
  58  5:25  Spore Crawler  
  54  5:29  Drone x4, Zergling x4  
  54  5:30  Zergling x2  
  54  5:32  Extractor  
  60  5:38  Drone x2  
  62  6:06  Zergling x4  
  62  6:07  Zergling x2  
  59  6:13  Zergling x14  
  59  6:18  Drone  
  59  6:19  Drone x4  
  59  6:20  Evolution Chamber  
  59  6:21  Baneling Nest  
  61  6:28  Evolution Chamber  
  61  6:32  Drone  
  61  6:33  Drone x3  
  65  6:40  Drone  
  65  6:53  Overlord x5  
  65  6:56  Zerg Ground Armor Level 1, Zerg Melee Weapons Level 1  
  65  7:02  Overlord x3  
  65  7:03  Hydralisk Den  
  65  7:06  Centrifical Hooks  
  64  7:20  Zergling x4  
  64  7:21  Drone x5, Zergling x2  
  72  7:33  Drone x3  
  72  7:34  Muscular Augments  
  72  7:35  Drone x2  
  72  7:37  Drone  
  78  7:50  Hydralisk x4  
  85  7:51  Drone  
  83  8:11  Baneling x2  
  83  8:12  Baneling x4  
  83  8:19  Hydralisk, Zergling x6  
  86  8:20  Hydralisk  
  88  8:30  Drone x3  
  88  8:31  Drone x3  
  88  8:33  Spore Crawler  
  93  8:36  Zergling x2  
  93  8:37  Zergling x8  
  98  8:44  Hatchery  
  97  8:50  Zergling x2  
  97  8:51  Zergling x10  
  103  9:09  Hydralisk x2  
  104  9:13  Drone x4  
  110  9:22  Hydralisk x2  
  114  9:26  Zergling x10  
  119  9:33  Extractor  
  118  9:41  Baneling x3  
  118  9:42  Baneling x6  
  118  9:46  Extractor  
  118  9:49  Drone x2  
  118  9:50  Drone x4  
Show
View Real Time Build Order
Export as new Build Order

Dolan Terran - Winner!

Build Orders: Gas First Reaper Expand, Liberator Opening, Reaper Expand, MMM Bio 

Get SALT Encoding   

  12  0:01  SCV  
  13  0:13  SCV  
  14  0:18  Supply Depot  
  14  0:26  SCV  
  14  0:27  Refinery  
  15  0:39  SCV  
  16  0:44  Barracks  
  16  0:54  SCV  
  17  1:06  SCV  
  18  1:18  SCV  
  19  1:31  Reaper, Orbital Command  
  20  1:44  Command Center  
  20  1:56  SCV  
  20  2:00  Factory  
  21  2:04  Barracks Reactor  
  21  2:08  SCV  
  21  2:12  Supply Depot  
  22  2:16  Refinery  
  22  2:21  SCV  
  23  2:34  SCV  
  24  2:45  Starport  
  24  2:46  SCV  
  24  2:48  Marine  
  26  2:53  Hellion x2  
  26  2:58  SCV  
  31  3:00  Orbital Command  
  31  3:08  Barracks Tech Lab  
  31  3:10  SCV  
  32  3:16  Liberator  
  32  3:23  Hellion x2  
  36  3:27  SCV x2  
  41  3:39  SCV x2  
  41  3:40  Supply Depot  
  42  3:46  Hellion x2  
  46  3:53  Barracks Tech Lab  
  46  3:54  Supply Depot  
  46  4:02  SCV x2  
  47  4:11  Marine  
  47  4:12  Stimpack  
  47  4:14  SCV x2  
  50  4:20  Command Center  
  50  4:26  Supply Depot  
  50  4:28  SCV x2  
  50  4:31  Marine  
  52  4:34  Siege Tank  
  56  4:40  SCV x2  
  58  4:51  Engineering Bay x2  
  58  4:55  SCV x2  
  60  5:03  Marine  
  60  5:06  Starport Reactor  
  59  5:08  SCV x2, Barracks  
  59  5:09  Barracks  
  51  5:17  Siege Tank  
  51  5:20  SCV x2  
  56  5:24  Terran Infantry Armor Level 1, Terran Infantry Weapons Level 1  
  56  5:32  SCV x2, Marine  
  56  5:35  Orbital Command  
  59  5:37  Refinery  
  59  5:39  Refinery  
  59  5:44  SCV x2, Supply Depot  
  61  5:56  SCV x2, Siege Tank  
  66  6:02  Starport Reactor, Orbital Command  
  66  6:04  Barracks  
  66  6:08  SCV x2  
  66  6:09  Barracks  
  68  6:18  Marine x3  
  63  6:19  Combat Shields, Marine x2  
  63  6:20  SCV x2  
  69  6:28  Armory  
  69  6:33  SCV x3  
  69  6:36  Refinery, Marine  
  69  6:38  Siege Tank  
  69  6:39  Supply Depot  
  76  6:45  SCV x3  
  79  6:47  Marine x4  
  83  6:54  Marine  
  83  6:55  Medivac x2  
  83  6:57  SCV x2  
  83  6:58  SCV  
  91  7:02  Barracks Reactor x2  
  91  7:06  Supply Depot  
  91  7:07  Supply Depot  
  91  7:09  SCV  
  91  7:10  SCV x2  
  94  7:16  Barracks  
  94  7:18  Barracks x2  
  94  7:19  Siege Tank  
  94  7:21  Supply Depot  
  97  7:30  Marine x5  
  97  7:36  Terran Vehicle Weapons Level 1  
  102  7:40  Marine  
  102  7:41  Marine x3  
  106  7:45  Terran Infantry Weapons Level 2, Terran Infantry Armor Level 2  
  106  7:48  Marine x5  
  111  7:58  Marine  
  111  8:05  Marine x2  
  114  8:07  Barracks Reactor x2, Barracks Tech Lab  
  114  8:17  Marine x2  
  114  8:18  Marine x4  
  114  8:19  Marauder, Siege Tank  
  124  8:20  Medivac x2  
  124  8:28  Marine  
  124  8:32  Supply Depot x3  
  125  8:34  Supply Depot  
  125  8:35  Marauder  
  125  8:37  Marine x4  
  125  8:38  Marine x2  
  133  8:44  Supply Depot  
  133  8:47  Concussive Shells  
  133  8:53  Medivac, Marauder, Marine x4  
  133  8:54  Siege Tank, Marine x2  
  133  8:55  Marine x6  
  148  8:56  Marauder  
  148  8:57  Medivac  
  156  9:11  Marine x3  
  156  9:15  Marauder  
  161  9:18  Marauder  
  161  9:19  Marine x4, Supply Depot  
  161  9:20  Marine, Supply Depot x2  
  161  9:21  Marine  
  161  9:22  Marine x2  
  161  9:23  Marine  
  172  9:33  Marine  
  172  9:37  Supply Depot  
  172  9:38  Marauder, Marine x2  
  180  9:42  Command Center  
  180  9:46  Marine x2  
  180  9:47  Marine x6  
Tags
 
Add a new tag
Caveats
  • Supply blocks, unpowered buildings, or Contaminate may cause inaccurate times.
  • Supply counts are checked every 10 seconds.